 Dungeon Crawl Stone Soup version 0.31-a0-325-g067879e3d3 (webtiles) character file.

Game seed: 15534138152529218262

3131 HallandMoats the Covert (level 9, -1/66 HPs)
             Began as an Octopode Fighter on July 18, 2023.
             Was an Initiate of Okawaru.
             Slain by a hornet (7 damage)
             ... on level 8 of the Dungeon.
             The game lasted 00:14:54 (7092 turns).

HallandMoats the Covert (Octopode Fighter)          Turns: 7092, Time: 00:14:56

Health: -1/66      AC:  8    Str: 21    XL:     9   Next: 92%
Magic:  9/9        EV: 14    Int: 10    God:    Okawaru [......]
Gold:   345        SH:  5    Dex: 16    Spells: 8/8 levels left

rFire   . . .        a - +2 flail (protect)
rCold   . . .        x - +0 buckler
rNeg    . . .        (helmet restricted)
rPois   .            (no amulet)
rElec   .            n - +6 ring of strength
rCorr   .            (no ring)
SInv    .            (no ring)
Will    .....        (no ring)
Stlth   +++++        (no ring)
HPRegen 0.31/turn    (no ring)
MPRegen 0.11/turn    (no ring)
                     (no ring)

%: no passive effects
@: under a protective aura, slowed, very slow
A: almost no armour, amphibious, 8 rings, camouflage 1, gelatinous body 1,
(nimble swimmer 1), tentacles
a: Renounce Religion


You were on level 8 of the Dungeon.
You worshipped Okawaru.
Okawaru was noncommittal.
You visited 1 branch of the dungeon, and saw 8 of its levels.

You collected 345 gold pieces.

Inventory:

Hand Weapons
 a - a +2 flail of protection (weapon)
 b - a +2 short sword of draining
 D - a +2 hand axe of venom
Armour
 x - a +0 buckler (worn)
Jewellery
 n - a +6 ring of strength (left tentacle)
Wands
 p - a wand of roots (19)
 r - a wand of quicksilver (6)
 w - a wand of flame (36)
 z - a wand of digging (2)
Scrolls
 d - 8 scrolls of identify {unknown}
 f - a scroll of noise {unknown}
 g - a scroll of immolation {unknown}
 h - 2 scrolls of vulnerability {unknown}
 j - 3 scrolls of revelation {unknown}
 k - 3 scrolls of blinking {unknown}
 l - a scroll of fear {unknown}
 o - a scroll of summoning {unknown}
 t - 3 scrolls of amnesia {unknown}
 y - a scroll of fog {unknown}
 A - a scroll of poison {unknown}
 B - a scroll of enchant armour {unknown}
 C - a scroll of teleportation {unknown}
Potions
 c - a potion of might
 e - 5 potions of curing
 i - 3 potions of haste {unknown}
 m - 2 potions of heal wounds {unknown}
 q - 2 potions of ambrosia {unknown}
 s - a potion of invisibility {unknown}
 v - a potion of magic {unknown}


   Skills:
 * Level 8.1 Fighting
 * Level 4.3 Short Blades
 - Level 6.8 Axes
 + Level 4.4 Dodging
 + Level 8.8 Stealth
 + Level 4.3 Shields
 + Level 1.0 Invocations
 + Level 0.6 Shapeshifting


You had 8 spell levels left.
You didn't know any spells.
Your spell library contained the following spells:

 Spells                   Type           Power      Damage    Failure   Level
 Ensorcelled Hibernation  Hex/Ice        0%         N/A       56%         2
 Passwall                 Tmut/Erth      0%         N/A       56%         2
 Ozocubu's Armour         Ice            0%         N/A       80%         3
 Swiftness                Air            0%         N/A       80%         3
 Metabolic Englaciation   Hex/Ice        0%         N/A       100%        5
 Ozocubu's Refrigeration  Ice            0%         4d7       100%        7
 Simulacrum               Ice/Necr       Unusable   N/A       N/A         6

Dungeon Overview and Level Annotations

Branches:
Dungeon (8/15)             Temple (0/1) D:5
   Lair: D:8-11

Altars:
Cheibriados
Fedhas
Nemelex Xobeh
Okawaru
Trog
Uskayaw
Wu Jian
Xom

Annotations:
D:7 3 runed translucent doors


Innate Abilities, Weirdness & Mutations

You cannot wear most types of armour.
You are amphibious.
You can wear up to eight rings at the same time.
Your skin changes colour to match your surroundings (Stealth+).
Your rubbery body absorbs attacks. (AC +1, EV +1)
((You are camouflaged when in or above water. (Stealth+)))
You have tentacles for arms and can constrict up to eight enemies at once.


Message History

You constrict the hornet, but do no damage.
The hornet stings you.
You are poisoned.
You feel as though you will be slow longer.
The hornet misses you.
You hit the hornet. Your squeeze misses the hornet.
The hornet is heavily wounded.
You constrict the hornet.
You feel sick. The hornet stings you.
You feel as though you will be slow longer.
The hornet stings you.
You are more poisoned.
You feel as though you will be slow longer.
You feel better.
You constrict the hornet. The hornet barely misses you. The hornet stings you!
You suddenly lose the ability to move!
You lose your grip on the hornet.
The hornet stings you!
* * * LOW HITPOINT WARNING * * *
You shrug off the repeated paralysis!
The hornet stings you.
* * * LOW HITPOINT WARNING * * *
You feel as though you will be slow longer.
The hornet stings you.
* * * LOW HITPOINT WARNING * * *
You are poisoned.
You feel as though you will be slow longer.
You can move again.
You feel better. The hornet closely misses you. The hornet stings you!
* * * LOW HITPOINT WARNING * * *
You feel as though you will be slow longer.
Okay, then.
Your +2 flail of protection hums with potential!
a - a +2 flail of protection (weapon)
The hornet barely misses you.
You hit the hornet but do no damage.
Your weapon exudes an aura of protection.
You grab the hornet.
The hornet is severely wounded.
You constrict the hornet, but do no damage.
The hornet closely misses you. The hornet stings you!
You die...

#####.### #.#
#### #.# #.##...
#.# #.#..# #.#
#.#.#
#.######...####.
#......$........
#.......#####..
#.....#.## #..
#..###@†..#.)..#
......y.†........
.##.###.....####.
#..###.# #.## .#
#. .. #. #.# ..
.. . .#


You could see a hornet (drained).

Vanquished Creatures
  Prince Ribbit (D:6)
  Sigmund (D:4)
  Edmund (D:3)
  A water moccasin (D:5)
  2 black bears
  An ice beast (D:7)
  2 ogres
  A centaur (D:7)
  A kobold brigand (D:6)
  3 phantoms
  2 bullfrogs (D:6)
  4 scorpions
  4 wights
  6 howler monkeys
  5 hounds
  3 jellies
  2 orc priests
  A gnoll bouda (D:7)
  5 sleepcaps
  2 iguanas
  6 orc wizards
  9 gnolls
  7 adders
  2 white imps (D:6)
  An ufetubus (D:7)
  8 worms
  2 dart slugs
  15 orcs
  3 bats
  5 endoplasms
  6 goblins
  8 hobgoblins
  13 jackals
  3 quokkas
  3 ball pythons
  A frilled lizard (D:1)
  5 kobolds
  A rat (D:1)
146 creatures vanquished.

Notes
Turn   | Place    | Note
-------+----------+-------------------------------------------
     0 | D:1      | HallandMoats the Octopode Fighter began the quest for the
                  | Orb.
     0 | D:1      | Reached XP level 1. HP: 16/16 MP: 1/1
    12 | D:1      | Noticed an electric eel
    50 | D:1      | Reached XP level 2. HP: 9/21 MP: 2/2
   372 | D:1      | Found a faded altar of an unknown god.
   554 | D:1      | Reached XP level 3. HP: 10/26 MP: 3/3
  1095 | D:2      | Reached skill level 1 in Stealth
  1198 | D:2      | Reached XP level 4. HP: 26/33 MP: 4/4
  1572 | D:2      | Reached XP level 5. HP: 29/37 MP: 5/5
  2104 | D:3      | Found a blossoming altar of Fedhas.
  2104 | D:3      | Found a faded altar of an unknown god.
  2112 | D:3      | Found a sparkling altar of Nemelex Xobeh.
  2114 | D:3      | Found an ornate altar of the Wu Jian Council.
  2116 | D:3      | Found a faded altar of an unknown god.
  2214 | D:4      | Reached XP level 6. HP: 34/44 MP: 6/6
  2501 | D:4      | Found a bloodstained altar of Trog.
  2512 | D:4      | Noticed Sigmund
  2533 | D:4      | Killed Sigmund
  2534 | D:4      | Reached skill level 5 in Fighting
  2534 | D:4      | Reached XP level 7. HP: 26/50 MP: 7/7
  2637 | D:4      | Reached skill level 5 in Stealth
  2638 | D:4      | Noticed Edmund
  2778 | D:3      | Killed Edmund
  2779 | D:3      | Reached skill level 5 in Axes
  3247 | D:5      | Entered Level 5 of the Dungeon
  3264 | D:5      | Found a staircase to the Ecumenical Temple.
  3525 | D:5      | Reached XP level 8. HP: 57/57 MP: 8/8
  4305 | D:5      | Identified the +6 flail of Ascent {freeze, rPois Stlth+}
  4639 | D:6      | Reached skill level 1 in Short Blades
  4849 | D:6      | Noticed Prince Ribbit
  4865 | D:6      | Killed Prince Ribbit
  4866 | D:6      | Reached XP level 9. HP: 54/64 MP: 9/9
  6298 | D:7      | Found a shimmering altar of Xom.
  6350 | D:7      | Found a hide-covered altar of Uskayaw.
  6381 | D:7      | Found an iron altar of Okawaru.
  6437 | D:7      | Became a worshipper of Warmaster Okawaru
  6668 | D:7      | Identified the +1 leather armour of Exclusion {Fly rC+
                  | Dex+2}
  6778 | D:7      | Found a runed translucent gate.
  6778 | D:7      | Found a runed translucent gate.
  6778 | D:7      | Found a runed translucent gate.
  6778 | D:7      | Noticed a polar bear
  6779 | D:7      | Noticed a death yak
  6779 | D:7      | Noticed a death yak
  6780 | D:7      | Noticed a manticore
  6818 | D:7      | Found a snail-covered altar of Cheibriados.
  7078 | D:8      | Noticed a hornet
  7084 | D:8      | Reached skill level 1 in Invocations
  7087 | D:8      | Paralysed by a hornet for 3 turns
  7092 | D:8      | Slain by a hornet

Illustrated notes

Levels and vault maps discovered:
D:1:      arrival_aquarium_a, layout_basic, serial_curves, eino_curves_01,
          eino_curves_04, hellmonk_ecumenical_altar_zigzags
D:2:      layout_rooms, grunt_decor_junction
D:3:      layout_rooms, chequers_temple_overflow_minitemple, grunt_ministairs_7
D:4:      layout_rooms, mainiacjoe_overflow_cross_hatched,
          dreamdust_princess_corridor, nicolae_wormholes, uniq_edmund,
          uniq_sigmund
D:5:      layout_layer_cave, minmay_temple_entry_poolview
D:6:      layout_loops_cross, minivault_5, uniq_prince_ribbit1
D:7:      lemuel_bear_cage, layout_cave_pools, marbit_many_paths,
          mainiacjoe_overflow_paths, mainiacjoe_overflow_six_doors_small,
          mainiacjoe_overflow_brackets, nrook_loot_triangle
D:8:      layout_rooms, gammafunk_temple_overflow_arena, enter_ossuary_2

Skill      XL: |  1  2  3  4  5  6  7  8  9 |
---------------+----------------------------+-----
Axes           | 3 4 5 6 |  6.8
Stealth        | 1 2 3 4 6 7 8 |  8.8
Fighting       | 4 5 6 7 8 |  8.1
Short Blades   | 2 4 |  4.3
Dodging        | 4 |  4.4
Shields        | 4 |  4.3
Invocations    | 1 |  1.0
Shapeshifting  | |  0.6

Action                     |  1- 3 |  4- 6 |  7- 9 || total
---------------------------+-------+-------+-------++-------
  Melee: War axe           |    53 |     2 |       ||    55
         Tentacles         |    11 |    11 |    61 ||    83
         Constrict         |    10 |    16 |    59 ||    85
         Mace              |       |    70 |    17 ||    87
         Punch             |       |     3 |     2 ||     5
         Flail             |       |       |   154 ||   154
         Short sword       |       |       |    73 ||    73
    Use: Potion            |     1 |       |     2 ||     3
   Stab: Sleeping          |     3 |     4 |    13 ||    20
 Armour: Skin              |     7 |    13 |    60 ||    80
  Dodge: Dodged            |    74 |    34 |   174 ||   282
  Block: Buckler           |    22 |    16 |    64 ||   102

Table legend: (Time is in decaauts)
 A = Elapsed time spent in this place.
 B = Non-inter-level travel time spent in this place.
 C = Inter-level travel time spent in this place.
 D = Time resting spent in this place.
 E = Time spent auto-exploring this place.
 F = Levels seen in this place.
 G = Mean time per level.
                   A        B        C        D        E       F      G
               +--------+--------+--------+--------+--------+-----+--------+
         Total |   7188 |   7004 |    184 |   1282 |   4277 |   8 |  898.5 |
       Dungeon |   7188 |   7004 |    184 |   1282 |   4277 |   8 |  898.5 |
               +--------+--------+--------+--------+--------+-----+--------+

Top non-repeatable levels by time:
     D:6: 1696 daAuts
     D:5: 1388 daAuts
     D:1: 896 daAuts
     D:4: 893 daAuts
     D:3: 818 daAuts
     D:2: 701 daAuts
     D:7: 635 daAuts
     D:8: 159 daAuts
